 Dungeon Crawl Stone Soup version 0.29-a0-816-g82769f0e0c (webtiles) character file.

Game seed: 2098115043615131750

66 Ayihk420 the Sneak (level 4, -11/27 HPs)
             Began as a Kobold Brigand on July 5, 2022.
             Was an Initiate of Gozag.
             Mangled by an ogre
             ... wielding a +0 giant spiked club
              (22 damage)
             ... on level 3 of the Dungeon.
             The game lasted 00:08:28 (2124 turns).

Ayihk420 the Sneak (Kobold Brigand)                 Turns: 2124, Time: 00:08:28

Health: -11/27     AC:  5    Str:  8    XL:     4   Next: 37%
Magic:  4/4        EV: 14    Int: 12    God:    Gozag
Gold:   183        SH:  0    Dex: 24    Spells: 3/3 levels left

rFire   . . .      SeeInvis .   a - +2 dagger
rCold   . . .      Faith    .   (no shield)
rNeg    . . .      Spirit   .   f - +0 leather armour
rPois   .          Reflect  .   (no helmet)
rElec   .          Harm     .   c - +1 cloak
rCorr   .          Rampage  .   (no gloves)
Will    .....                   (no boots)
Stlth   +++++.....              (no amulet)
HPRegen 0.09/turn               l - +6 ring of dexterity
MPRegen 0.09/turn               (no ring)

@: weak-willed, gold aura
A: small, no large weapons, nightstalker 3
a: Renounce Religion, Potion Petition, Call Merchant, Bribe Branch


You were on level 3 of the Dungeon.
You worshipped Gozag.
Gozag was aware of your devotion.
You visited 1 branch of the dungeon, and saw 3 of its levels.

You collected 183 gold pieces.

Inventory:

Hand Weapons
 a - a +2 dagger (weapon)
 g - a +0 spear
 j - a +0 sling
 k - a +0 dagger
Missiles
 d - 14 poisoned darts (quivered)
 e - 3 curare-tipped darts
 o - 13 stones
Armour
 b - a +0 ring mail
 c - a +1 cloak (worn)
 f - a +0 leather armour (worn)
Jewellery
 l - a +6 ring of dexterity (left hand)
Wands
 h - a wand of digging (6)
Potions
 m - 2 potions of magic


   Skills:
 + Level 2.4 Fighting
 + Level 3.2 Short Blades
 + Level 2.4 Throwing
 + Level 0.7 Armour
 + Level 1.4 Dodging
 + Level 6.8 Stealth


You had 3 spell levels left.
You didn't know any spells.
Your spell library was empty.

Dungeon Overview and Level Annotations

Branches:
Dungeon (3/15)

Altars:
Gozag

Shops:
D:1 *


Innate Abilities, Weirdness & Mutations

You are small and have problems with some larger weapons.
You are completely attuned to the shadows.


Message History

The orc drinks a potion.
The orc is healed!
You hit the orc.
The orc is moderately wounded.
The orc barely misses you.
The ogre hits you with a +0 giant spiked club!
A kobold comes into view. It is wielding a +0 short sword.
You catch the helpless kobold completely off-guard!
You impale the kobold!!
You kill the kobold!
The orc barely misses you.
Things that are here:
5 gold pieces; a +0 short sword; a scroll labelled HIDEDEUKYI
Found 12 gold pieces and a scroll of identify.
Found a stone staircase leading down.
The orc attacks as you move away! The orc hits you with a +0 hand axe.
You hit the orc.
The orc is heavily wounded.
The orc barely misses you.
You closely miss the orc.
The orc is heavily wounded.
You barely miss the orc.
The orc is heavily wounded.
The orc hits you with a +0 hand axe.
You completely miss the orc.
The orc is heavily wounded.
The orc closely misses you.
You hit the orc.
You kill the orc!
You are too injured to fight recklessly!
You are too injured to fight recklessly!
Throw: 15 darts (poison)
Press: ? - help, Q - select action, (/) - cycle Shift-Dir - straight line, f - ogre
Aim: an ogre, wielding a +0 giant spiked club (79% to hit)
You throw a poisoned dart.
The poisoned dart barely misses the ogre.
The ogre attacks as you move away!
The ogre hits you with a +0 giant spiked club!!
Ouch! That really hurt!
You die...
Your body crumbles into a pile of gold.

#.#.#.#......#.......#.#
#.#.#.##########.......#
#.#.#.# ........#
#.#.#.# ###.#.#.## #.#.#
#.....#.#.#.# #####.#.#.
##.#... ..........
..>... $..........
#?.... ####.###.# ##@$.#
........#.###O#....
.....#####.#.###.##
......####...## ##
.........$......
.....#####...### .....#
#.#.# .....# .###.#
.....# # #.


You could see an ogre.

Vanquished Creatures
  4 adders
  A dart slug (D:1)
  An orc (D:3)
  2 endoplasms (D:1)
  2 giant cockroaches (D:1)
  5 goblins
  A hobgoblin (D:2)
  2 kobolds
  A quokka (D:3)
  A ball python (D:2)
  2 bats (D:1)
  A frilled lizard (D:1)
  5 rats
28 creatures vanquished.

Notes
Turn   | Place    | Note
-------+----------+-------------------------------------------
     0 | D:1      | Ayihk420 the Kobold Brigand began the quest for the Orb.
     0 | D:1      | Reached XP level 1. HP: 12/12 MP: 1/1
   184 | D:1      | Found Zudeog's General Store.
   201 | D:1      | Reached XP level 2. HP: 17/17 MP: 2/2
   379 | D:1      | Reached skill level 6 in Stealth
   426 | D:1      | Found a faded altar of an unknown god.
   449 | D:1      | Prayed at the altar of an unknown god.
   449 | D:1      | Became a worshipper of Gozag Ym Sagoz the Greedy
  1043 | D:2      | Reached XP level 3. HP: 4/22 MP: 3/3
  1045 | D:2      | HP: 1/22 [poisoned by an adder]
  1921 | D:2      | Reached XP level 4. HP: 27/27 MP: 4/4
  2102 | D:3      | Noticed an ogre
  2124 | D:3      | Mangled by an ogre

Illustrated notes

Levels and vault maps discovered:
D:1:      moated_graveyard_arrival, layout_basic, serial_shops, shop,
          dreamdust_ecumenical_altar_statues
D:2:      layout_basic, minivault_26
D:3:      layout_basic, hex_intersection

Skill      XL: |  1  2 |
---------------+-------+-----
Stealth        | 6 |  6.8
Short Blades   | 3 |  3.2
Fighting       | |  2.4
Throwing       | |  2.4
Armour         | |  0.7
Dodging        | |  1.4

Action                   |  1- 3 |  4- 6 || total
-------------------------+-------+-------++-------
Melee: Dagger            |    41 |    32 ||    73
Throw: Dart              |     5 |     1 ||     6
  Use: Potion            |     2 |       ||     2
       Scroll            |       |     5 ||     5
 Stab: Sleeping          |    12 |       ||    12
       Distracted        |     1 |     2 ||     3
Armor: Leather armour    |    10 |     5 ||    15
Dodge: Dodged            |    16 |    17 ||    33

Table legend: (Time is in decaauts)
 A = Elapsed time spent in this place.
 B = Non-inter-level travel time spent in this place.
 C = Inter-level travel time spent in this place.
 D = Time resting spent in this place.
 E = Time spent auto-exploring this place.
 F = Levels seen in this place.
 G = Mean time per level.
                   A        B        C        D        E       F      G
               +--------+--------+--------+--------+--------+-----+--------+
         Total |   2111 |   2111 |      0 |    208 |   1305 |   3 |  703.7 |
       Dungeon |   2111 |   2111 |      0 |    208 |   1305 |   3 |  703.7 |
               +--------+--------+--------+--------+--------+-----+--------+

Top non-repeatable levels by time:
     D:2: 1159 daAuts
     D:1: 789 daAuts
     D:3: 163 daAuts
